Map: Incorporeal LE

Players

ManlyManMeat

  • Race: Terran Terran
  • Spawn Location: 11:00

zerlingman - Winner!

  • Race: Zerg Zerg
  • League: Gold
  • Spawn Location: 5:00

VOD

Have the link to the VOD?

Description

Time

  • Played on: May 17, 2025, 8:01 a.m.
  • Length: 8:00
Show
View Real Time Build Order
Export as new Build Order

ManlyManMeat Terran 

Build Orders:  

Get SALT Encoding   

  12  0:00  SCV  
  13  0:13  SCV  
  14  0:18  Supply Depot  
  14  0:25  SCV  
  15  0:41  Barracks  
  15  0:42  SCV  
  16  0:46  Refinery  
  16  0:52  Refinery  
  16  0:56  SCV  
  17  1:08  SCV  
  18  1:20  SCV  
  19  1:31  Supply Depot  
  19  1:32  Reaper  
  21  1:40  Orbital Command  
  20  1:56  Barracks  
  20  2:04  Reaper  
  21  2:09  SCV  
  22  2:22  SCV  
  23  2:34  SCV  
  24  2:54  Command Center, Barracks Reactor  
  24  3:01  Barracks Reactor  
  24  3:14  SCV  
  25  3:20  Factory  
  25  3:24  Engineering Bay  
  25  3:26  SCV  
  25  3:27  Engineering Bay  
  26  3:38  SCV  
  26  3:40  Marine  
  26  3:41  Marine x3  
  31  3:50  Supply Depot  
  31  3:51  Supply Depot  
  31  3:52  Terran Infantry Weapons Level 1  
  31  4:02  Terran Infantry Armor Level 1  
  31  4:05  SCV  
  31  4:07  Factory Tech Lab  
  32  4:15  Marine x4  
  36  4:19  SCV  
  37  4:31  SCV  
  37  4:33  Siege Tank  
  41  4:50  Orbital Command  
  41  4:51  SCV  
  41  5:03  SCV  
  42  5:12  Starport  
  42  5:15  SCV  
  42  5:17  Factory  
  42  5:19  Barracks  
  43  5:22  Missile Turret  
  43  5:23  Barracks  
  43  5:24  SCV  
  43  5:25  Missile Turret  
  43  5:27  SCV  
  43  5:28  Marine  
  46  5:34  Siege Tank  
  49  5:36  SCV  
  50  5:50  SCV x2  
  50  5:55  Marine x2  
  50  5:56  Marine x2  
  56  5:58  Starport Reactor  
  56  6:02  SCV  
  57  6:06  SCV, Armory  
  58  6:14  Marine x2  
  58  6:15  SCV, Marine  
  62  6:33  Supply Depot  
  62  6:36  Supply Depot  
  62  6:39  SCV, Command Center  
  62  6:40  Bunker  
  62  6:54  Medivac x2, Siege Tank, Marine  
  62  6:58  SCV x2  
  72  7:05  Marine x3  
  75  7:12  Supply Depot  
  75  7:13  Supply Depot  
  75  7:15  Refinery  
  75  7:16  Refinery  
  75  7:20  Barracks Tech Lab  
  75  7:23  Factory Tech Lab  
  75  7:26  Viking x2  
  75  7:28  Barracks Tech Lab  
  79  7:39  Marine x5  
  84  7:45  Supply Depot  
  84  7:46  Supply Depot  
Show
View Real Time Build Order
Export as new Build Order

zerlingman Zerg - Winner!

Build Orders: Hatch First 

Get SALT Encoding   

  12  0:00  Drone  
  13  0:15  Overlord  
  13  0:16  Drone  
  14  0:29  Extractor, Drone  
  15  0:36  Drone  
  15  0:41  Drone  
  17  0:57  Hatchery  
  16  0:59  Drone x2  
  18  1:06  Extractor  
  17  1:15  Spawning Pool  
  16  1:23  Drone x2  
  18  1:41  Drone  
  18  1:42  Drone  
  20  2:03  Queen  
  22  2:10  Queen  
  22  2:12  Zergling x6  
  27  2:16  Metabolic Boost  
  27  2:23  Zergling x2  
  27  2:24  Overlord  
  28  2:55  Hatchery  
  27  2:58  Roach Warren  
  27  3:01  Drone x2  
  27  3:02  Drone x3  
  31  3:16  Queen  
  33  3:25  Drone x3  
  36  3:27  Overlord  
  36  3:45  Overlord x2  
  36  3:47  Overlord x2  
  36  3:50  Drone  
  37  4:00  Queen  
  35  5:02  Roach x5  
  35  5:03  Roach x13  
  71  5:08  Drone x3  
  71  5:09  Extractor  
  73  5:16  Spore Crawler  
  72  5:47  Lair  
  72  5:51  Ravager  
  73  6:15  Extractor  
  73  6:16  Drone x6  
  73  6:17  Drone x4, Overlord  
  73  6:18  Overlord x4  
  82  6:41  Ravager x2  
  84  7:02  Ravager  
  84  7:03  Ravager x2  
  84  7:05  Roach x2  
  90  7:14  Zergling x2  
  90  7:15  Zergling x30  
  106  7:32  Roach x2  
  106  7:33  Roach, Hatchery  
  111  7:46  Drone x3  
  111  7:47  Drone x2  
Tags
 
League
Gold
Matchup
TvZ
Spawn Locations
Cross Positions
Add a new tag
Caveats
  • Supply blocks, unpowered buildings, or Contaminate may cause inaccurate times.
  • Supply counts are checked every 10 seconds.